 Dungeon Crawl Stone Soup version 0.31-a0-236-g9a0961fb85 (webtiles) character file.

Game seed: 7705634116068646830

73 qw the Shooter (level 4, -2/36 HPs)
             Began as a Minotaur Hexslinger on July 10, 2023.
             Slain by Sigmund
             ... wielding a +0 scythe
              (7 damage)
             ... on level 3 of the Dungeon.
             The game lasted 00:00:47 (1607 turns).

qw the Shooter (Minotaur Hexslinger)                Turns: 1607, Time: 00:00:47

Health: -2/36      AC:  5    Str: 13    XL:     4   Next: 8%
Magic:  4/4        EV: 16    Int: 10    God:
Gold:   89         SH:  0    Dex: 14    Spells: 4/5 levels left

rFire   . . .        Y - +1 sling
rCold   . . .        (no shield)
rNeg    . . .        g - +0 ring mail
rPois   .            (helmet restricted)
rElec   .            (no cloak)
rCorr   .            (no gloves)
SInv    .            (no boots)
Will    .....        (no amulet) Stlth
                     b - +5 ring of evasion
HPRegen 0.26/turn    (no ring)
MPRegen 0.09/turn

%: no passive effects
@: confused
A: horns 2, retaliatory headbutt
a: no special abilities


You were on level 3 of the Dungeon.
You visited 1 branch of the dungeon, and saw 3 of its levels.

You collected 89 gold pieces.


Innate Abilities, Weirdness & Mutations

You have a pair of horns on your head.
You reflexively headbutt those who attack you in melee.


   Skills:
 - Level 2.0 Fighting
 + Level 4.3 Ranged Weapons
 - Level 1.3 Armour
 - Level 2.1 Dodging
 - Level 1.0 Spellcasting
 - Level 2.0 Hexes


You had 4 spell levels left.
You knew the following spells:

 Your Spells              Type           Power      Damage    Failure   Level
a - Slow                  Hex            16%        N/A       32%         1

Your spell library contained the following spells:

 Spells                   Type           Power      Damage    Failure   Level
 Inner Flame              Hex/Fire       2%         N/A       82%         3
 Portal Projectile        Hex/Tloc       4%         N/A       82%         3
 Cause Fear               Hex            2%         N/A       97%         4

Inventory:

Hand Weapons
 Y - a +1 sling (weapon)
Armour
 g - a +0 ring mail (worn)
Jewellery
 b - a +5 ring of evasion (left hand)
Scrolls
 c - a scroll of silence {unknown}
 f - 2 scrolls of identify
Potions
 a - a potion of might
 d - a potion of magic {unknown}
 j - a potion of curing
 k - a potion of enlightenment

Dungeon Overview and Level Annotations

Branches:
Dungeon (3/15)

Altars:

Shops:
D:1 [

Annotations:
D:3 Sigmund


Message History

Deactivating autopickup; reactivate with Ctrl-A.
Autopickup is now on.
There is a strange disturbance nearby!
Something hits you but does no damage.
Deactivating autopickup; reactivate with Ctrl-A.
You shoot a sling bullet. Something barely misses you.
You shoot a sling bullet.
You hear some strange, mumbled words.
Something tries to affect you, but you resist.
You shoot a sling bullet. Something hits you but does no damage.
You shoot a sling bullet.
You hear some strange, mumbled words.
A puff of flame appears from out of thin air!
The puff of flame hits you.
You shoot a sling bullet.
You hear some strange, mumbled words.
You are confused.
You shoot a sling bullet.
You hear some strange, mumbled words.
A puff of flame appears from out of thin air!
The puff of flame hits you!
You shoot a sling bullet. Something hits you.
You shoot a sling bullet. Something completely misses you.
You shoot a sling bullet. Something hits you.
You shoot a sling bullet.
You hear some strange, mumbled words.
A puff of flame appears from out of thin air!
The puff of flame misses you.
You shoot a sling bullet.
You feel less confused.
You hear some strange, mumbled words.
You are confused.
You shoot a sling bullet. Something hits you!
You die...

###########
#..@......#
#{#######.# #.#
#.#######
##.#######.......#
#..<.......#####.#
#..#####...#
#..######..#
#..........# .
#.########.#####.8.8


There were no monsters in sight!

Vanquished Creatures
  3 adders
  A dart slug (D:2)
  5 endoplasms
  3 giant cockroaches
  5 goblins
  3 hobgoblins
  2 kobolds
  3 quokkas
  6 ball pythons
  5 bats
  2 frilled lizards
  3 rats
41 creatures vanquished.

Notes
Turn   | Place    | Note
-------+----------+-------------------------------------------
     0 | D:1      | qw the Minotaur Hexslinger began the quest for the Orb.
     0 | D:1      | Reached XP level 1. HP: 16/16 MP: 1/1
     0 | D:1      | 0 ||| qw: Version: 0.3-a-52-g30416fa
     0 | D:1      | 0 ||| qw: Game counter: 4903
     0 | D:1      | 0 ||| qw: Melee chars always use a shield: true
     0 | D:1      | 0 ||| qw: God list: Okawaru
     0 | D:1      | 0 ||| qw: Allow faded altars: false
     0 | D:1      | 0 ||| qw: Do Orc after clearing Dungeon:15 true
     0 | D:1      | 0 ||| qw: Do second Lair branch before Depths: true
     0 | D:1      | 0 ||| qw: Lair rune preference: random
     0 | D:1      | 0 ||| qw: Goals: Normal
     0 | D:1      | 0 ||| PLANNING D:1-11
    78 | D:1      | Reached skill level 3 in Ranged Weapons
    91 | D:1      | Reached XP level 2. HP: 22/23 MP: 2/2
   172 | D:1      | Found a faded altar of an unknown god.
   299 | D:1      | Found Nuilov's Armour Shop.
   612 | D:1      | 612 ||| UPGRADING to +0 ring mail.
   622 | D:1      | 622 ||| DROPPING +0 robe.
   623 | D:1      | 623 ||| READING scroll labelled YNTI LEYCLAT.
   624 | D:1      | 624 ||| READING scroll labelled FAOCOR GIRAPN.
   625 | D:1      | 625 ||| READING scroll labelled WIRAELOVAPT.
   626 | D:1      | 626 ||| READING scroll labelled ZICU ZITAPAKID.
   627 | D:1      | 627 ||| DROPPING scroll of poison.
   780 | D:2      | Reached XP level 3. HP: 29/29 MP: 3/3
   897 | D:2      | 897 ||| Stepping ~*~*~tactically~*~*~ (outnumbered).
  1033 | D:2      | Reached skill level 4 in Ranged Weapons
  1381 | D:2      | 1381 ||| READING scroll labelled CACULU TYGH.
  1385 | D:2      | 1385 ||| READING scroll labelled COTERI TUEKA.
  1386 | D:2      | 1386 ||| READING scroll labelled KUFIPYL BIARE.
  1386 | D:2      | Identified a scroll of acquirement
  1386 | D:2      | 1386 ||| ACQUIRING +5 ring of evasion
  1386 | D:2      | Acquired a +5 ring of evasion
  1388 | D:2      | 1388 ||| UPGRADING to +5 ring of evasion.
  1389 | D:2      | 1389 ||| READING 2 scrolls labelled GOOZAG ZUKI.
  1390 | D:2      | 1390 ||| DRINKING 2 dark potions.
  1391 | D:2      | 1391 ||| DRINKING 3 amethyst potions.
  1392 | D:2      | 1392 ||| READING 5 scrolls of identify.
  1392 | D:2      | 1392 ||| IDENTIFYING glowing dark potion
  1393 | D:2      | 1393 ||| READING 4 scrolls of identify.
  1393 | D:2      | 1393 ||| IDENTIFYING fuming brown potion
  1394 | D:2      | 1394 ||| READING 3 scrolls of identify.
  1394 | D:2      | 1394 ||| IDENTIFYING fizzy silvery potion
  1395 | D:2      | 1395 ||| DROPPING potion of degeneration.
  1396 | D:2      | 1396 ||| DROPPING scroll of noise.
  1397 | D:2      | 1397 ||| DROPPING potion of brilliance.
  1471 | D:3      | Reached skill level 1 in Armour
  1505 | D:3      | Reached XP level 4. HP: 36/36 MP: 4/4
  1557 | D:3      | Noticed Sigmund
  1592 | D:3      | 1592 ||| DRINKING 2 potions of curing.
  1592 | D:3      | 1592 ||| (to cure confusion)
  1601 | D:3      | HP: 8/36 [something/puff of flame (11)]
  1607 | D:3      | Slain by Sigmund

Levels and vault maps discovered:
D:1:      onia_arrival_pyramid, layout_basic,
          hellmonk_ecumenical_altar_arch_garden, serial_shops,
          nicolae_shop_real_fake_doors, hangedman_decor_opposing
D:2:      layout_basic, minmay_splitting_lines, hangedman_decor_diamond_cutter
D:3:      layout_loops_corners, serial_shops, nicolae_shop_industrial_runoff,
          hangedman_feature_mirror, corexii_corridor_pit, uniq_sigmund,
          uniq_crazy_yiuf_cottage

Skill      XL: |  1  2  3 |
---------------+----------+-----
Ranged Weapons | 3 4 |  4.3
Fighting       | 2 |  2.0
Armour         | 1 |  1.3
Dodging        | |  2.1
Spellcasting   | |  1.0
Hexes          | |  2.0

Action                     |  1- 3 |  4- 6 || total
---------------------------+-------+-------++-------
   Fire: Sling             |   124 |    46 ||   170
    Use: Scroll            |    11 |       ||    11
         Potion            |     2 |     1 ||     3
 Armour: Robe              |     2 |       ||     2
         Ring mail         |    16 |     6 ||    22
  Dodge: Dodged            |    47 |    18 ||    65

Table legend:
 A = Non-vault XP
 B = Vault XP
 C = Vault XP percentage of total XP
 D = Non-vault monster count
 E = Vault monster count
 F = Vault count percentage of total count
                 A         B        C        D         E       F
            +---------+---------+-------+---------+---------+-------
      Total |     105 |       0 |   0.0 |      41 |       0 |   0.0
            +---------+---------+-------+---------+---------+-------
        D:1 |      25 |       0 |   0.0 |      16 |       0 |   0.0
        D:2 |      49 |       0 |   0.0 |      20 |       0 |   0.0
        D:3 |      31 |       0 |   0.0 |       5 |       0 |   0.0
            +---------+---------+-------+---------+---------+-------
